 Dungeon Crawl Stone Soup version 0.31-a0-210-gccc998df9b (webtiles) character file.

Game seed: 12564914559967560820

23 qw the Shooter (level 2, -2/25 HPs)
             Began as a Minotaur Hexslinger on June 29, 2023.
             Frozen to death by an endoplasm (4 damage)
             ... on level 2 of the Dungeon.
             The game lasted 00:00:06 (209 turns).

qw the Shooter (Minotaur Hexslinger)                 Turns: 209, Time: 00:00:07

Health: -2/25      AC:  2    Str: 12    XL:     2   Next: 72%
Magic:  2/2        EV: 12    Int: 10    God:
Gold:   14         SH:  0    Dex: 12    Spells: 2/3 levels left

rFire   . . .        a - +1 sling
rCold   . . .        (no shield)
rNeg    . . .        c - +0 robe
rPois   .            (helmet restricted)
rElec   .            (no cloak)
rCorr   .            (no gloves)
SInv    .            (no boots)
Will    .....        (no amulet)
Stlth   +            (no ring)
HPRegen 0.24/turn    (no ring)
MPRegen 0.08/turn

%: no passive effects
@: no status effects
A: horns 2, retaliatory headbutt
a: no special abilities


You were on level 2 of the Dungeon.
You visited 1 branch of the dungeon, and saw 2 of its levels.

You collected 14 gold pieces.


Innate Abilities, Weirdness & Mutations

You have a pair of horns on your head.
You reflexively headbutt those who attack you in melee.


   Skills:
 - Level 2.3 Fighting
 + Level 3.1 Ranged Weapons
 - Level 2.1 Dodging
 - Level 1.0 Spellcasting
 - Level 2.0 Hexes


You had 2 spell levels left.
You knew the following spells:

 Your Spells              Type           Power      Damage    Failure   Level
a - Slow                  Hex            16%        N/A       16%         1

Your spell library contained the following spells:

 Spells                   Type           Power      Damage    Failure   Level
 Inner Flame              Hex/Fire       2%         N/A       56%         3
 Portal Projectile        Hex/Tloc       4%         N/A       56%         3
 Cause Fear               Hex            2%         N/A       83%         4

Inventory:

Hand Weapons
 a - a +1 sling (weapon)
Armour
 c - a +0 robe (worn)
Scrolls
 b - a scroll of poison
 d - a scroll of identify {unknown}
 e - a scroll of amnesia {unknown}

Dungeon Overview and Level Annotations

Branches:
Dungeon (1/15)

Altars:

Annotations:
D:2 Robin


Message History

The sling bullet closely misses the giant cockroach.
The giant cockroach closely misses you. The gnoll hits you with a +0 whip.
The giant cockroach misses you. You furiously retaliate!
You headbutt the giant cockroach!
You kill the giant cockroach!
You shoot a sling bullet.
The sling bullet hits the gnoll but does no damage.
The gnoll hits you with a +0 whip.
You shoot a sling bullet.
The sling bullet closely misses the gnoll.
The gnoll hits you with a +0 whip. The endoplasm freezes you.
You are frozen.
The gnoll hits you with a +0 whip.
A gnoll comes into view. It is wielding a +0 spear.
You shoot a sling bullet. The gnoll shouts!
The sling bullet hits the gnoll.
The gnoll is moderately wounded.
You hear a shout!
The endoplasm freezes you.
You are frozen.
The gnoll hits you with a +0 whip.
A goblin comes into view. It is wielding a +0 dagger. x2
You shoot a sling bullet. The goblin shouts!
The sling bullet hits the gnoll.
The gnoll is heavily wounded.
You hear a shout!
The endoplasm freezes you.
You are frozen.
The gnoll hits you with a +0 whip.
A goblin comes into view. It is wielding a +0 dagger.
Robin of the Strong Arm comes into view.
They are wielding a +0 falchion.
A goblin comes into view. It is wielding a +0 dagger.
You shoot a sling bullet. The goblin shouts!
The sling bullet hits the gnoll.
The gnoll is almost dead.
You hear an angry hiss.
The endoplasm freezes you.
You are frozen.
You die...

###.........#
............#
#.........#
...#.........#
.......[.....#
...#.....#...#
####....#.##
#.#.....#####
#....@.......
###.gJ..#####
........#
#.###....)..
#.....###
####g.. g<.g


..ggg You could see Robin, 2 gnolls, an endoplasm and 4 goblins.

Vanquished Creatures
  A gnoll (D:2)
  A bat (D:1)
  An endoplasm (D:1)
  A giant cockroach (D:2)
  A goblin (D:1)
  3 hobgoblins (D:1)
  A quokka (D:1)
  A ball python (D:1)
  2 rats (D:1)
12 creatures vanquished.

Notes
Turn   | Place    | Note
-------+----------+-------------------------------------------
     0 | D:1      | qw the Minotaur Hexslinger began the quest for the Orb.
     0 | D:1      | Reached XP level 1. HP: 16/16 MP: 1/1
     0 | D:1      | 0 ||| qw: Version: 0.3-a-24-ga2abf7b
     0 | D:1      | 0 ||| qw: Game counter: 6872
     0 | D:1      | 0 ||| qw: Melee chars always use a shield: true
     0 | D:1      | 0 ||| qw: God list: Okawaru
     0 | D:1      | 0 ||| qw: Allow faded altars: false
     0 | D:1      | 0 ||| qw: Do Orc after clearing Dungeon:15 true
     0 | D:1      | 0 ||| qw: Do second Lair branch before Depths: true
     0 | D:1      | 0 ||| qw: Lair rune preference: random
     0 | D:1      | 0 ||| qw: Goals: Normal
     0 | D:1      | 0 ||| PLANNING D:1-11
    89 | D:1      | Reached skill level 3 in Ranged Weapons
    89 | D:1      | Reached XP level 2. HP: 18/23 MP: 2/2
   182 | D:1      | You fall into a shaft and drop 1 floor!
   207 | D:2      | HP: 5/25 [gnoll/+0 whip (2)]
   208 | D:2      | HP: 2/25 [gnoll/+0 whip (2)]
   208 | D:2      | Noticed Robin
   209 | D:2      | Frozen to death by an endoplasm

Levels and vault maps discovered:
D:1:      dpeg_arrival_rhombus, layout_basic, minmay_hexomino_p4
D:2:      layout_basic, serial_shops, shop, due_unseen_surprise, uniq_robin

Skill      XL: |  1  2 |
---------------+-------+-----
Ranged Weapons | 3 |  3.1
Fighting       | 2 |  2.3
Dodging        | |  2.1
Spellcasting   | |  1.0
Hexes          | |  2.0

Action                     || total
---------------------------++-------
   Fire: Sling             ||    28
  Dodge: Dodged            ||     3

Table legend:
 A = Non-vault XP
 B = Vault XP
 C = Vault XP percentage of total XP
 D = Non-vault monster count
 E = Vault monster count
 F = Vault count percentage of total count
                 A         B        C        D         E       F
            +---------+---------+-------+---------+---------+-------
      Total |      28 |       5 |  15.2 |       9 |       3 |  25.0
            +---------+---------+-------+---------+---------+-------
        D:1 |      12 |       5 |  29.4 |       7 |       3 |  30.0
        D:2 |      16 |       0 |   0.0 |       2 |       0 |   0.0
            +---------+---------+-------+---------+---------+-------
